 Dungeon Crawl Stone Soup version 0.30-a0-557-ge2afbf3030 (webtiles) character file.

Game seed: 6632179581564161896

168 cforsyth the Insei (level 5, -1/42 HPs)
             Began as a Draconian Transmuter on Dec 28, 2022.
             Was a Believer of Nemelex Xobeh.
             Slain by a gnoll
             ... wielding a +0 spear
             ... led by a gnoll bouda
              (7 damage)
             ... on level 5 of the Dungeon.
             The game lasted 00:05:21 (3201 turns).

cforsyth the Insei (Draconian Transmuter)           Turns: 3201, Time: 00:05:21

Health: -1/42      AC:  5    Str: 12    XL:     5   Next: 23%
Magic:  9/9        EV: 12    Int: 15    God:    Nemelex Xobeh [**....]
Gold:   221        SH:  0    Dex: 12    Spells: 8/9 levels left

rFire   . . .      SeeInvis .      - Unarmed
rCold   . . .      Faith    .    (no shield)
rNeg    . . .      Spirit   .    (body armour unavailable)
rPois   .          Reflect  .    (helmet currently unavailable)
rElec   .          Harm     .    (no cloak)
rCorr   .          Rampage  .    (no gloves)
Will    .....                    (boots currently unavailable)
Stlth   +                        (no amulet)
HPRegen 0.27/turn                (no ring)
MPRegen 0.11/turn                (no ring)

@: lethally poisoned (-1 -> -21), appendages
A: horns 2, talons 2, AC +5, unfitting armour, cold-blooded
a: End Transformation, Renounce Religion, Draw Escape, Draw Destruction, Draw
Summoning


You were on level 5 of the Dungeon.
You worshipped Nemelex Xobeh.
Nemelex Xobeh was pleased with you.
You had temporarily grown beastly horns and talons.
You visited 1 branch of the dungeon, and saw 5 of its levels.

You collected 221 gold pieces.

Inventory:

Jewellery
 r - a ring of protection from fire
 t - a ring of wizardry
Wands
 u - a wand of mindburst (9)
Scrolls
 b - a scroll of blinking
 d - a scroll of fear {unknown}
 e - a scroll of fog {unknown}
 f - a scroll of immolation {unknown}
 l - a scroll of teleportation {unknown}
 o - a scroll of enchant armour {unknown}
Potions
 a - a potion of lignification
 c - 6 potions of curing
 h - a potion of flight {unknown}
 i - a potion of degeneration {unknown}
 j - 2 potions of brilliance
 k - 2 potions of cancellation
 m - 2 potions of might
 n - a potion of invisibility {unknown}
 p - a potion of magic
 q - a potion of resistance
 s - a potion of attraction {unknown}


   Skills:
 - Level 2.5 Fighting
 + Level 2.8 Dodging
 - Level 3.7 Unarmed Combat
 + Level 2.8 Spellcasting
 - Level 3.0 Transmutations


You had 8 spell levels left.
You knew the following spells:

 Your Spells              Type           Power      Damage    Failure   Level
a - Beastly Appendage     Tmut           22%        N/A       6%          1

Your spell library contained the following spells:

 Spells                   Type           Power      Damage    Failure   Level
 Wereblood                Tmut           11%        N/A       9%          2
 Magic Dart               Conj           8%         1d3       21%         1
 Searing Ray              Conj           4%         2d4       30%         2
 Spider Form              Tmut/Pois      6%         N/A       32%         3
 Ice Form                 Ice/Tmut       6%         N/A       73%         4
 Fulminant Prism          Conj/Hex       1%         3d5       90%         4


Dungeon Overview and Level Annotations

Branches:
Dungeon (5/15)
 Temple: D:4-7

Altars:
Elyvilon
Gozag
Kikubaaqudgha
Nemelex Xobeh
Ru
Sif Muna

Shops:
D:1 [

Annotations:
D:4 2 transporters


Innate Abilities, Weirdness & Mutations

You have temporarily grown beastly horns and talons.
Your plain brown scales are hard. (AC +5)
You cannot fit into any form of body armour.
You are cold-blooded and may be slowed by cold attacks.


Message History

An adder comes into view.
There is a stone staircase leading down here.
You hit the gnoll bouda. You claw the gnoll bouda.
The gnoll bouda is moderately wounded.
The gnoll hits you from afar with a +0 spear.
You hit the gnoll bouda.
You claw the gnoll bouda, but do no damage.
Your tail-slap misses the gnoll bouda.
The gnoll bouda is moderately wounded.
The gnoll bouda closely misses you.
A gnoll comes into view. It is wielding a +0 spear.
The gnoll hits you from afar with a +0 spear!
The gnoll shouts!
You hit the gnoll bouda. Your headbutt misses the gnoll bouda.
The gnoll bouda is heavily wounded.
You hear a shout!
The gnoll hits you from afar with a +1 spear of venom!
You are poisoned.
You are too injured to fight recklessly!
You are too injured to fight recklessly!
You are too injured to fight recklessly!
You are too injured to fight recklessly!
You are too injured to fight recklessly!
You are too injured to fight recklessly!
You are too injured to fight recklessly!
You are too injured to fight recklessly!
You are too injured to fight recklessly!
You feel very sick.
The gnoll hits you from afar with a +0 spear.
The gnoll hits you from afar with a +1 spear of venom.
* * * LOW HITPOINT WARNING * * *
You are more poisoned.
There is a stone staircase leading up here.
Magic restored.
* * * LOW HITPOINT WARNING * * *
You feel very sick. The gnoll bouda misses you.
The gnoll hits you from afar with a +0 spear!
You die...
Your body disappears without a glow.

#..## ..#
#..^### #)#
#..<# #..#..
######.##.....
#.........#.#
#...........#
#......$....#
#......####.#
#....@g## ..
#.....>$# ..
#.###ggg......
#. ##S..##...
....# # .#$..
#g ##.! .. ...
.# ..##


You could see a gnoll bouda, 3 gnolls and an adder.

Vanquished Creatures
  An orc priest (D:4)
  An orc wizard (D:4)
  3 adders
  A gnoll (D:1)
  A worm (D:4)
  2 dart slugs
  3 orcs
  6 ball pythons
  9 endoplasms
  3 giant cockroaches (D:1)
  4 goblins
  9 hobgoblins
  2 quokkas
  4 bats
  4 frilled lizards
  6 kobolds
  3 rats
  A spectral hobgoblin (D:2)
63 creatures vanquished.

Vanquished Creatures (others)
  An orc (D:4)
1 creature vanquished.

Grand Total: 64 creatures vanquished

Notes
Turn   | Place    | Note
-------+----------+-------------------------------------------
     0 | D:1      | cforsyth the Draconian Transmuter began the quest for the
                  | Orb.
     0 | D:1      | Reached XP level 1. HP: 16/16 MP: 3/3
    82 | D:1      | Reached XP level 2. HP: 23/23 MP: 3/5
   208 | D:1      | Found Rytesull's Armour Shop.
   847 | D:2      | Reached XP level 3. HP: 29/29 MP: 4/6
   891 | D:2      | Found a faded altar of an unknown god.
  1160 | D:2      | Found a sparkling altar of Nemelex Xobeh.
  1476 | D:2      | Became a worshipper of Nemelex Xobeh the Trickster
  1664 | D:3      | Reached XP level 4. HP: 30/36 MP: 7/7
  2118 | D:3      | Found a shimmering blue altar of Sif Muna.
  2193 | D:3      | Reached * piety under Nemelex Xobeh
  2228 | D:4      | Received a gift from Nemelex Xobeh
  2325 | D:4      | Found a white marble altar of Elyvilon.
  2338 | D:4      | Found an ancient bone altar of Kikubaaqudgha.
  2636 | D:4      | Found a sacrificial altar of Ru.
  2681 | D:4      | Reached XP level 5. HP: 12/42 MP: 7/9
  2839 | D:4      | Received a gift from Nemelex Xobeh
  2886 | D:4      | Reached ** piety under Nemelex Xobeh
  2897 | D:4      | Found an opulent altar of Gozag.
  2915 | D:4      | Found a transporter.
  2999 | D:4      | Found a transporter.
  3182 | D:5      | Entered Level 5 of the Dungeon
  3201 | D:5      | Slain by a gnoll

Illustrated notes

Levels and vault maps discovered:
D:1:      dreamdust_arrival_beginning_and_end, layout_basic,
          serial_corexii_hall, corexii_hall_statues_i, corexii_hall_statues_x,
          serial_shops, nicolae_diamond_shop
D:2:      layout_basic, basic_altar, dreamdust_ecumenical_altar_drowned_temple
D:3:      layout_basic, mainiacjoe_overflow_alcove_2, minmay_splitting_lines
D:4:      gammafunk_cloud_chamber, layout_gridville, nicolae_gozag_seed_capital,
          nicolae_overflow_squiral, old_standard_altar
D:5:      layout_rooms, lemuel_tele_altar, kennysheep_little_box,
          minmay_temple_entry_nine_rooms

Skill      XL: |  1  2  3  4 |
---------------+-------------+-----
Dodging        | 2 |  2.8
Fighting       | 2 |  2.5
Transmutations | 3 |  3.0
Unarmed Combat | |  3.7
Spellcasting   | |  2.8

Action                   |  1- 3 |  4- 6 || total
-------------------------+-------+-------++-------
Melee: Unarmed           |    80 |    83 ||   163
       Headbutt          |    14 |    13 ||    27
       Kick              |    21 |    19 ||    40
       Tailslap          |     5 |    10 ||    15
       Punch             |     1 |     2 ||     3
 Cast: Beastly Appendage |    34 |    21 ||    55
  Use: Scroll            |       |     6 ||     6
 Stab: Sleeping          |     1 |       ||     1
Armor: Skin              |    14 |    24 ||    38
Dodge: Dodged            |    52 |    40 ||    92

Table legend: (Time is in decaauts)
 A = Elapsed time spent in this place.
 B = Non-inter-level travel time spent in this place.
 C = Inter-level travel time spent in this place.
 D = Time resting spent in this place.
 E = Time spent auto-exploring this place.
 F = Levels seen in this place.
 G = Mean time per level.
                   A        B        C        D        E       F      G
               +--------+--------+--------+--------+--------+-----+--------+
         Total |   3195 |   3091 |    104 |      0 |   2612 |   5 |  639.0 |
       Dungeon |   3195 |   3091 |    104 |      0 |   2612 |   5 |  639.0 |
               +--------+--------+--------+--------+--------+-----+--------+

Top non-repeatable levels by time:
     D:4: 959 daAuts
     D:1: 787 daAuts
     D:3: 718 daAuts
     D:2: 711 daAuts
     D:5: 18 daAuts
